 Dungeon Crawl Stone Soup version 0.28.0 (webtiles) character file.

Game seed: 17426094347372937324

4167 mortz the Magician (level 10, -5/72 HPs)
             Began as a Yellow Draconian Fire Elementalist on Feb 16, 2022.
             Was an Initiate of Sif Muna.
             Slain by a yak (13 damage)
             ... on level 1 of the Lair of Beasts.
             The game lasted 01:32:20 (9583 turns).

mortz the Magician (DrFE)                           Turns: 9583, Time: 01:32:20

Health: -5/72      AC: 10    Str: 10    XL:     10   Next: 7%
Magic:  18/21      EV: 13    Int: 19    God:    Sif Muna [......]
Gold:   343        SH:  0    Dex: 13    Spells: 18/24 levels left

rFire   . . .      SeeInvis .   J - +5 spear (freeze)
rCold   . . .      Faith    .   (no shield)
rNeg    . . .      Spirit   .   (armour unavailable)
rPois   .          Reflect  .   A - +2 hat
rElec   .          Harm     .   (no cloak)
rCorr   +          Rampage  .   (no gloves)
Will    .....                   t - +0 pair of boots
Stlth   +++.......              h - amulet of magic regeneration
HPRegen 0.22/turn               (no ring)
MPRegen 0.57/turn               (no ring)

@: about to teleport
A: spit acid, AC +7, unfitting armour, cold-blooded, acid resistance
a: Breathe Acid, Renounce Religion


You were on level 1 of the Lair of Beasts.
You worshipped Sif Muna.
Sif Muna was noncommittal.
You visited 3 branches of the dungeon, and saw 11 of its levels.
You also visited: Sewer.

You collected 493 gold pieces.
You spent 150 gold pieces at shops.

Inventory:

Hand Weapons
 f - a +2 dagger of electrocution
 y - a +3 vorpal mace
 C - a +1 scythe of protection
 G - a +0 flail of holy wrath
 I - a +4 flail
 J - a +5 spear of freezing (weapon)
Missiles
 n - 28 poisoned darts
 F - 4 throwing nets
Armour
 t - a +0 pair of boots (worn)
 A - a +2 hat (worn)
Jewellery
 h - an amulet of magic regeneration (around neck)
Wands
 m - a wand of iceblast (16)
 u - a wand of digging (1)
 w - a wand of mindburst (21)
 D - a wand of charming (1)
 H - a wand of flame (8)
Scrolls
 b - a scroll of summoning
 d - a scroll of enchant armour
 e - 2 scrolls of fear
 j - 3 scrolls of magic mapping
 o - a scroll of identify
 p - a scroll of brand weapon {unknown}
 s - 2 scrolls of blinking {unknown}
 x - a scroll of fog {unknown}
 z - a scroll of amnesia {unknown}
 B - 2 scrolls of immolation {unknown}
Potions
 a - a potion of mutation {unknown}
 c - 3 potions of heal wounds
 g - 4 potions of brilliance
 i - 8 potions of flight
 l - 3 potions of might
 q - a potion of haste {unknown}
 r - a potion of curing
 v - 2 potions of attraction
 E - a potion of lignification {unknown}


   Skills:
 + Level 1.6 Fighting
 - Level 4.6 Short Blades
 + Level 0.5 Maces & Flails
 * Level 2.7 Polearms
 + Level 4.4 Dodging
 + Level 4.1 Stealth
 + Level 7.7 Spellcasting
 + Level 5.6 Conjurations
 + Level 7.2 Fire Magic


You had 18 spell levels left.
You knew the following spells:

 Your Spells              Type           Power      Damage    Failure   Level
a - Foxfire               Conj/Fire      100%       2x1d9     1%          1
b - Scorch                Fire           68%        2d8       1%          2
c - Conjure Flame         Conj/Fire      31%        6-21      1%          3

Your spell library contained the following spells:

 Spells                   Type           Power      Damage    Failure   Level
 Inner Flame              Hex/Fire       21%        N/A       6%          3
 Flame Wave               Conj/Fire      31%        2d8       7%          4
 Corpse Rot               Necr/Air       14%        N/A       14%         2
 Poisonous Vapours        Pois/Air       14%        N/A       14%         2
 Call Canine Familiar     Summ           7%         N/A       28%         3
 Portal Projectile        Hex/Tloc       14%        N/A       28%         3
 Leda's Liquefaction      Hex/Erth       3%         N/A       67%         4
 Summon Cactus Giant      Summ           3%         N/A       100%        6


Dungeon Overview and Level Annotations

Branches:
Dungeon (8/15)             Temple (1/1) D:6            Lair (2/6) D:8
  Sewer (visited)
  Swamp: Lair:2-4    Shoals: Lair:2-4     Snake: Lair:2-4    Spider: Lair:2-4

Altars:
Ashenzari
Cheibriados
Dithmenos
Elyvilon
Fedhas
Gozag
Kikubaaqudgha
Makhleb
Nemelex Xobeh
Okawaru
Qazlal
Ru
Sif Muna
Trog
Uskayaw
Wu Jian
Xom
Yredelemnul
Zin
The Shining One

Shops:
D:3 !

Annotations:
D:3 1 runed translucent door
Lair:1 Urug


Innate Abilities, Weirdness & Mutations

You can spit globs of acid.
Your golden yellow scales are hard. (AC +7)
You cannot fit into any form of body armour.
You are cold-blooded and may be slowed by cold attacks.
You are resistant to acid. (rCorr)


Message History

The wolf bites you.
You barely miss the wolf.
The yak bellows!
You tail-slap the wolf, but do no damage.
The wolf is almost dead.
The wolf closely misses you. The wolf misses you. The wolf bites you!
You closely miss the wolf.
The wolf is almost dead.
The wolf bites you. The wolf misses you. x3
The wolf completely misses you. The wolf bites you but does no damage.
The yak closely misses you. The wolf closely misses you.
You climb upwards.
Level annotation: Urug The wolf bites you but does no damage.
The yak barely misses you. The wolf bites you but does no damage.
The yak closely misses you. The yak barely misses you.
There is a stone staircase leading down here.
As you read the scroll of teleportation, it crumbles to dust.
You feel strangely unstable. The wolf bites you but does no damage.
The yak gores you but does no damage. The yak barely misses you.
The wolf bites you but does no damage. The yak gores you. The yak gores you!
* * * LOW HITPOINT WARNING * * *
Casting: Foxfire (safe; 1% risk of failure)
Confirm with . or Enter, or press ? or * to list all spells.
Flames lash the wolf.
The wolf is heavily wounded.
The wolf's fire resistance burns away.
The wolf bites you.
* * * LOW HITPOINT WARNING * * *
The yak closely misses you. x2; The yak gores you.
* * * LOW HITPOINT WARNING * * *
The wolf bites you but does no damage. The yak closely misses you.
Casting: Scorch (safe; 1% risk of failure)
Confirm with . or Enter, or press ? or * to list all spells.
Flames lash the wolf.
The wolf is burned terribly!
The wolf is almost dead.
The wolf barely misses you. The yak gores you but does no damage.
The yak barely misses you. The yak gores you.
* * * LOW HITPOINT WARNING * * *
The yak gores you!
You die...

# ... ##..#
#.# ##.. #
#.# #..#
#.# #.. #.#
#..P #.#
P.. #.#
#..## #.#
##.. #.#
#..# ##..#
#..h# #YY#
# #Y@# #
#######hY#
#
........h#
.........##
#
#####.....#
# ##...## #
######...#
.....#...#
#........#
...#


You could see 4 yaks and 3 wolves.

Vanquished Creatures
  A cane toad (Lair:1)
  Grinder (D:3)
  The ghost of Alacron the Magician, an amateur DjFE (D:3)
  Sigmund (D:5)
  A wyvern (D:8)
  A wraith (D:7)
  A steam dragon (D:7)
  2 water moccasins
  A hornet zombie (D:7)
  An orc warrior (D:8)
  2 ice beasts
  3 necrophages
  A sky beast (D:6)
  An ogre (D:4)
  2 centaurs
  2 kobold brigands
  3 bullfrogs
  A gnoll sergeant (D:7)
  A scorpion (D:6)
  5 killer bees
  3 wights (D:6)
  A centaur zombie (D:8)
  3 jellies
  3 orc priests
  3 bullfrog skeletons
  A centaur skeleton (D:7)
  3 hounds
  2 iguanas
  An orc wizard (D:4)
  A killer bee zombie (D:6)
  A hound skeleton (D:4)
  11 gnolls
  A howler monkey skeleton (D:7)
  15 adders
  5 river rats
  3 white imps
  2 ufetubi
  3 worms
  16 orcs
  11 bats
  4 endoplasms
  8 giant cockroaches
  5 goblins
  7 hobgoblins
  6 jackals
  13 kobolds
  7 quokkas
  11 ball pythons
  3 frilled lizards
  5 rats
190 creatures vanquished.

Vanquished Creatures (others)
  613 foxfires
  A plant (Lair:2)
614 creatures vanquished.

Grand Total: 804 creatures vanquished

Notes
Turn   | Place    | Note
-------+----------+-------------------------------------------
     0 | D:1      | mortz the Draconian Fire Elementalist began the quest for
                  | the Orb.
     0 | D:1      | Reached XP level 1. HP: 14/14 MP: 3/3
    11 | D:1      | Found a faded altar of an unknown god.
   381 | D:1      | Reached XP level 2. HP: 20/20 MP: 1/5
  1406 | D:2      | Reached XP level 3. HP: 26/26 MP: 3/6
  2121 | D:2      | Reached XP level 4. HP: 30/33 MP: 7/7
  2276 | D:3      | Noticed Grinder
  2286 | D:2      | Learned a level 2 spell: Scorch
  2291 | D:3      | Paralysed by Grinder for 4 turns
  2343 | D:3      | Paralysed by Grinder for 2 turns
  2350 | D:3      | Killed Grinder
  2351 | D:3      | Reached XP level 5. HP: 16/38 MP: 1/9
  2570 | D:3      | Found a glowing drain.
  2580 | D:3      | Reached XP level 6. HP: 45/45 MP: 10/10
  2596 | Sewer    | Entered a sewer
  3367 | D:3      | Found Ciaf's Distillery.
  3375 | D:3      | Bought a potion of brilliance for 40 gold pieces
  3375 | D:3      | Bought 2 potions of curing for 60 gold pieces
  3375 | D:3      | Bought a potion of heal wounds for 50 gold pieces
  3388 | D:3      | Found a runed translucent door.
  3393 | D:3      | Noticed Alacron's ghost (amateur DjFE)
  3405 | D:3      | player ghost
  3450 | D:3      | Found a runed translucent door.
  3512 | D:3      | Killed Alacron's ghost
  3513 | D:3      | Your scales start taking on a golden yellow colour.
  3513 | D:3      | Reached XP level 7. HP: 45/50 MP: 5/12
  3513 | D:3      | Gained mutation: You are resistant to acid. (rCorr) [Yellow
                  | Draconian growth]
  4180 | D:4      | Found a burning altar of Makhleb.
  4229 | D:4      | Makhleb
  4264 | D:4      | Reached skill level 1 in Short Blades
  4398 | D:4      | Found a stormy altar of Qazlal.
  4398 | D:4      | Found a bloodstained altar of Trog.
  4398 | D:4      | Found an opulent altar of Gozag.
  4418 | D:4      | Learned a level 3 spell: Conjure Flame
  4810 | D:5      | Entered Level 5 of the Dungeon
  4852 | D:5      | Reached XP level 8. HP: 57/57 MP: 11/14
  5002 | D:5      | Noticed Sigmund
  5014 | D:5      | Killed Sigmund
  5015 | D:5      | Reached skill level 5 in Fire Magic
  5191 | D:5      | Found a sparkling altar of Nemelex Xobeh.
  5286 | D:5      | Reached skill level 5 in Spellcasting
  5415 | D:5      | Found a glowing golden altar of the Shining One.
  5578 | D:5      | Found a blossoming altar of Fedhas.
  5951 | D:6      | Reached XP level 9. HP: 51/63 MP: 18/18
  6118 | D:6      | Reached skill level 5 in Conjurations
  6164 | D:6      | Found a staircase to the Ecumenical Temple.
  6168 | Temple   | Entered the Ecumenical Temple
  6409 | D:6      | Ecumenical Temple
  6522 | D:6      | HP: 1/63 [killer bee (8)]
  7357 | D:7      | Found a broken altar of Ashenzari.
  7387 | D:7      | Reached skill level 1 in Fighting
  7842 | D:7      | Found a large runed translucent door.
  7842 | D:7      | Found a large runed translucent door.
  8173 | D:7      | Found a glowing silver altar of Zin.
  8361 | D:7      | Reached skill level 1 in Polearms
  8615 | D:7      | Found an ornate altar of the Wu Jian Council.
  8851 | D:7      | Found a shimmering blue altar of Sif Muna.
  8854 | D:7      | Became a worshipper of Sif Muna the Loreminder
  8928 | D:8      | HP: 2/64 [wyvern (4)]
  8956 | D:8      | Found a staircase to the Lair.
  9121 | Lair:1   | Entered Level 1 of the Lair of Beasts
  9175 | Lair:1   | Noticed a cane toad
  9185 | Lair:1   | Killed a cane toad
  9186 | Lair:1   | Reached XP level 10. HP: 72/72 MP: 13/21
  9219 | Lair:1   | Noticed Urug
  9583 | Lair:1   | Slain by a yak

Illustrated notes ############# .#..........######## .#.(........##.....# ............##.....#### .#.............<......# >############...@.....# .# ####+##...# .# #rWF#...# .###...# #≈Br#...# ##....... #≈≈≈##### ...#..... #≈≈≈# ...#..... #≈?r# ......... #≈≈≈# ...#..... Turn 3405 on D:3: player ghost ##.##......#.# ##...#####....# ######....###.##.### .........###...### ########.##..#..# ### #.#..###.## ..# ##....##...## #.# #....###.†..# #.# #....# ##.@.# #.# #...## ##∩## #.# #..## ### #.# #...# ..## #...# ...####...####. ............... ............... ............... Turn 4229 on D:4: Makhleb

.......#........
.......#.......#
.......#......##
...............# ###
.......#........ ...#
)..............# #...##
......#.......#.#.#...#
....####.....#.#.#.#..#
.#### #.#....#.@.#...#
## #.....#.#.#.#..# .#
####...#.#.#...## .#
#....#.#.....# .#
##...........#
###############..#######
.......)........##
#################


Turn 6409 on D:6: Ecumenical Temple

Levels and vault maps discovered:
D:1:      minmay_arrival_three_doors, layout_basic,
          chequers_ecumenical_altar_simple_redux
D:2:      layout_basic, kennysheep_generic_room_5
D:3:      layout_rooms, ebering_ghost_sewer_f, serial_shops, shop,
          portal_sewer_entry_a, dk_noncrumbling_2, uniq_grinder
D:4:      layout_loops_cross, makhleb_blood_cavern_becter,
          chequers_temple_overflow_statue_of_worship
D:5:      layout_gridville, mainiacjoe_overflow_alcove_4, kennysheep_mini,
          tso_oasis_becter, uniq_sigmund
D:6:      layout_rooms, minmay_temple_entry_grid
D:7:      layout_loops_ring, old_standard_altar, ashenzari_altar_1,
          jmf_multi_god_temple2
D:8:      layout_cave_pools, lair_entry_dummy, enter_bailey_6, minivault_24,
          kennysheep_island_fort
Temple:   jpeg_temple_island
Lair:1:   layout_long_grid, beast_lair_carwin_4, serial_bayou_shore_a,
          infiniplex_staircase_pool, uniq_urug
Lair:2:   layout_misc_corridors, dummy_spider_entry, serial_bayou_pond_e,
          serial_bayou_shore_b

Skill      XL: |  1  2  3  4  5  6  7  8  9 |
---------------+----------------------------+-----
Stealth        | 2 3 4 |  4.1
Dodging        | 2 3 4 |  4.4
Spellcasting   | 3 4 6 7 |  7.7
Conjurations   | 2 3 4 5 |  5.6
Fire Magic     | 4 5 7 |  7.2
Short Blades   | 1 3 4 |  4.6
Fighting       | 1 |  1.6
Polearms       | 2 |  2.7
Maces & Flails | |  0.5

Action                   |  1- 3 |  4- 6 |  7- 9 | 10-12 || total
-------------------------+-------+-------+-------+-------++-------
Melee: Dagger            |    14 |    16 |    74 |       ||   104
       Tailslap          |     1 |     3 |    17 |     2 ||    23
       Spear             |       |       |    29 |    14 ||    43
       Flail             |       |       |     3 |       ||     3
       Punch             |       |       |     1 |       ||     1
 Cast: Foxfire           |    54 |    59 |   222 |    12 ||   347
       Scorch            |       |     8 |    34 |     8 ||    50
 Abil: Breathe Acid      |       |       |     5 |       ||     5
  Use: Scroll            |       |     3 |     7 |     2 ||    12
       Potion            |       |       |     1 |     3 ||     4
Armor: Skin              |     5 |    19 |    69 |    17 ||   110
Dodge: Dodged            |    10 |    26 |    92 |    46 ||   174
